 Dungeon Crawl Stone Soup version 0.24.0-13-gcf9b319 (webtiles) character file.

Game seed: 17032428345711023672, levelgen mode: deterministic

327 ricardofg the Ducker (level 6, -5/51 HPs)
             Began as a Gnoll Wanderer on Nov 25, 2019.
             Slain by Crazy Yiuf
             ... wielding a +4 quarterstaff of chaos
              (18 damage)
             ... on level 2 of the Dungeon.
             The game lasted 00:06:12 (2650 turns).

ricardofg the Ducker (Gnoll Wanderer)               Turns: 2650, Time: 00:06:12

Health: -5/51      AC:  2    Str: 14    XL:     6   Next: 50%
Magic:  11/11      EV: 15    Int: 13    God:
Gold:   44         SH:  0    Dex: 18    Spells: 10/11 levels left

rFire    . . .     SeeInvis .   a - +2 dagger
rCold    . . .     Gourm    .   (no shield)
rNeg     . . .     Faith    .   e - +0 robe
rPois    .         Spirit   .   (no helmet)
rElec    .         Reflect  .   (no cloak)
rCorr    .         Harm     .   (no gloves)
MR       .....                  (no boots)
Stlth    ++........             (no amulet)
HPRegen  0.17/turn              (no ring)
MPRegen  0.12/turn              (no ring)

@: lightly drained
A: distributed training, fangs 1, strong nose
a: no special abilities


You were on level 2 of the Dungeon.
You were not hungry.

You visited 1 branch of the dungeon, and saw 2 of its levels.

You collected 44 gold pieces.

Inventory:

Hand Weapons
 a - a +2 dagger (weapon)
Missiles
 l - 68 stones (quivered)
Armour
 e - a +0 robe (worn)
 m - a +0 buckler
Scrolls
 c - 2 scrolls of teleportation
 g - a scroll of blinking {unknown}
 h - 2 scrolls of remove curse {unknown}
 j - 2 scrolls of enchant weapon {unknown}
 o - a scroll of fog {unknown}
 p - a scroll of identify {unknown}
Potions
 b - a potion of lignification {unknown}
 i - a potion of haste {unknown}
 k - a potion of mutation {unknown}
 n - a potion of berserk rage {unknown}
Comestibles
 f - a ration


   Skills:
 + Level 5.0(4.6) Fighting
 + Level 2.0(1.7) Short Blades
 + Level 2.0(1.7) Long Blades
 + Level 2.0(1.7) Axes
 + Level 2.0(1.7) Maces & Flails
 + Level 3.2(2.9) Polearms
 + Level 2.0(1.7) Staves
 + Level 2.0(1.7) Slings
 + Level 2.0(1.7) Bows
 + Level 2.0(1.7) Crossbows
 + Level 3.2(2.9) Throwing
 + Level 2.0(1.7) Armour
 + Level 5.0(4.6) Dodging
 + Level 2.0(1.7) Stealth
 + Level 3.2(2.9) Shields
 + Level 2.0(1.7) Unarmed Combat
 + Level 3.4(3.1) Spellcasting
 + Level 1.5(1.2) Conjurations
 + Level 1.5(1.2) Hexes
 + Level 1.5(1.2) Charms
 + Level 1.5(1.2) Summonings
 + Level 1.5(1.2) Necromancy
 + Level 1.5(1.2) Translocations
 + Level 1.5(1.2) Transmutations
 + Level 1.5(1.2) Fire Magic
 + Level 2.6(2.3) Ice Magic
 + Level 1.5(1.2) Air Magic
 + Level 1.5(1.2) Earth Magic
 + Level 2.6(2.3) Poison Magic
 + Level 2.1(1.8) Invocations
 + Level 2.0(1.7) Evocations


You had 10 spell levels left.
You knew the following spells:

 Your Spells              Type           Power        Failure   Level  Hunger
a - Sting                 Conj/Pois      #...         11%         1    #......

Your spell library contained the following spells:

 Spells                   Type           Power        Failure   Level  Hunger
 Ignite Poison            Fire/Tmut/Pois #.......     34%         3    ###....


Dungeon Overview and Level Annotations

Branches:
Dungeon (2/15)

Altars:
Gozag

Annotations:
D:2 Crazy Yiuf


Innate Abilities, Weirdness & Mutations

Your experience applies equally to all skills.
You have very sharp teeth.
Your uncanny sense of smell can sniff out nearby items.


Message History

a +0 club; a kobold corpse You see here a +0 club.
You are feeling hungry.
Okay, then.
Crazy Yiuf shouts!
Crazy Yiuf waves his quarterstaff at you.
You eat one of the 2 rations.
That ration really hit the spot!
You open the door. You hit Crazy Yiuf but do no damage.
Crazy Yiuf cries, "Castle!
Powder tired blue."
Crazy Yiuf hits you with a +4 quarterstaff of chaos!
You feel drained.
You hit Crazy Yiuf but do no damage.
Crazy Yiuf hits you with a +4 quarterstaff of chaos!
Crazy Yiuf freezes you.
You barely miss Crazy Yiuf.
Crazy Yiuf hits you with a +4 quarterstaff of chaos!
* * * LOW HITPOINT WARNING * * *
You are electrocuted!!
You die...

#.......##
#........#
#.......##
######### #######
......####♣♣♣♣♣
#####..#....♣.♣♣♣
###
##.......♣..♣#...#
#......♣♣♣♣@g...#
##....♣♣ ♣♣#..)#
####♣♣ ###


You could see Crazy Yiuf.

Vanquished Creatures
  Sigmund (D:2)
  A hound (D:1)
  Natasha (thrice) (D:2)
  An adder (D:2)
  A dart slug (D:2)
  3 leopard geckos (D:1)
  2 giant cockroaches (D:1)
  8 goblins (D:1)
  4 hobgoblins (D:2)
  5 jackals
  A ball python (D:1)
  5 bats
  4 frilled lizards
  7 kobolds
  4 rats
50 creatures vanquished.

Notes
Turn   | Place    | Note
-------+----------+-------------------------------------------
     0 | D:1      | ricardofg the Gnoll Wanderer began the quest for the Orb.
     0 | D:1      | ricardofg set off with the following items: a +2 dagger, a
                  | curare-tipped dart, a scroll of teleportation, a +0 robe, a
                  | ration; and the following spell memorised: Sting; and the
                  | following spells available to memorise: Ignite Poison
     0 | D:1      | Reached XP level 1. HP: 20/20 MP: 4/4
   107 | D:1      | Reached XP level 2. HP: 25/26 MP: 5/5
   554 | D:1      | Reached XP level 3. HP: 20/31 MP: 7/7
  1246 | D:1      | Reached skill level 1 in Short Blades
  1246 | D:1      | Reached skill level 1 in Long Blades
  1246 | D:1      | Reached skill level 1 in Axes
  1246 | D:1      | Reached skill level 1 in Maces & Flails
  1246 | D:1      | Reached skill level 1 in Staves
  1246 | D:1      | Reached skill level 1 in Slings
  1246 | D:1      | Reached skill level 1 in Bows
  1246 | D:1      | Reached skill level 1 in Crossbows
  1246 | D:1      | Reached skill level 1 in Armour
  1246 | D:1      | Reached skill level 1 in Stealth
  1246 | D:1      | Reached skill level 1 in Unarmed Combat
  1246 | D:1      | Reached skill level 1 in Invocations
  1246 | D:1      | Reached skill level 1 in Evocations
  1246 | D:1      | Reached XP level 4. HP: 29/38 MP: 8/8
  1365 | D:2      | Noticed Sigmund
  1383 | D:2      | Killed Sigmund
  1383 | D:2      | Reached skill level 1 in Conjurations
  1383 | D:2      | Reached skill level 1 in Hexes
  1383 | D:2      | Reached skill level 1 in Charms
  1383 | D:2      | Reached skill level 1 in Summonings
  1383 | D:2      | Reached skill level 1 in Necromancy
  1383 | D:2      | Reached skill level 1 in Translocations
  1383 | D:2      | Reached skill level 1 in Transmutations
  1383 | D:2      | Reached skill level 1 in Fire Magic
  1383 | D:2      | Reached skill level 1 in Air Magic
  1383 | D:2      | Reached skill level 1 in Earth Magic
  1383 | D:2      | Reached XP level 5. HP: 20/43 MP: 9/9
  1383 | D:2      | Reached XP level 6. HP: 23/50 MP: 10/10
  1579 | D:2      | Found a runed translucent door.
  1580 | D:2      | Noticed Crazy Yiuf
  1643 | D:2      | Noticed Natasha
  2074 | D:2      | Found an opulent altar of Gozag.
  2104 | D:2      | Killed Natasha
  2122 | D:2      | Noticed Natasha
  2142 | D:2      | Killed Natasha
  2224 | D:2      | Noticed Natasha
  2275 | D:2      | Killed Natasha
  2275 | D:2      | Reached skill level 5 in Fighting
  2275 | D:2      | Reached skill level 5 in Dodging
  2650 | D:2      | Slain by Crazy Yiuf

Levels and vault maps discovered:
D:1:      mrwooster_arrival_statue_2, layout_basic, serial_corexii_hall,
          chequers_hall_statues_y, chequers_hall_statues_wall_a,
          corexii_hall_statues_i, chequers_hall_statues_y,
          minmay_misc_feat_plants, minmay_heptomino_l4
D:2:      layout_rooms, grunt_gozag_breadcrumbs, uniq_sigmund, uniq_natasha,
          uniq_crazy_yiuf_cottage

Skill      XL: |  1  2  3  4  5  6 |
---------------+-------------------+-----
Ice Magic      | 2 |  2.6
Poison Magic   | 2 |  2.6
Short Blades   | 1 2 |  2.0
Long Blades    | 1 2 |  2.0
Axes           | 1 2 |  2.0
Maces & Flails | 1 2 |  2.0
Staves         | 1 2 |  2.0
Slings         | 1 2 |  2.0
Bows           | 1 2 |  2.0
Crossbows      | 1 2 |  2.0
Armour         | 1 2 |  2.0
Stealth        | 1 2 |  2.0
Unarmed Combat | 1 2 |  2.0
Invocations    | 1 2 |  2.1
Evocations     | 1 2 |  2.0
Polearms       | 3 |  3.2
Throwing       | 3 |  3.2
Shields        | 3 |  3.2
Spellcasting   | 3 |  3.4
Conjurations   | 1 |  1.5
Hexes          | 1 |  1.5
Charms         | 1 |  1.5
Summonings     | 1 |  1.5
Necromancy     | 1 |  1.5
Translocations | 1 |  1.5
Transmutations | 1 |  1.5
Fire Magic     | 1 |  1.5
Air Magic      | 1 |  1.5
Earth Magic    | 1 |  1.5
Fighting       | 5 |  5.0
Dodging        | 5 |  5.0

Action                   |  1- 3 |  4- 6 || total
-------------------------+-------+-------++-------
Melee: Dagger            |    97 |   108 ||   205
       Bite              |    10 |    13 ||    23
       Punch             |     1 |       ||     1
Throw: Dart              |     1 |     2 ||     3
 Stab: Sleeping          |     1 |       ||     1
  Eat: Chunk             |     1 |     4 ||     5
       Ration            |       |     1 ||     1
Armor: Robe              |    24 |    10 ||    34
Dodge: Dodged            |    91 |    59 ||   150
